 Dungeon Crawl Stone Soup version 0.24.1-4-ge52af88ad5 (webtiles) character file.

Game seed: 13660887614226222405, levelgen mode: deterministic

554 MajorAdolf the Chopper (level 7, 0/57 HPs)
             Began as a Naga Wanderer on Apr 13, 2020.
             Slain by a centaur (8 damage)
             ... on level 5 of the Dungeon.
             The game lasted 00:09:20 (4250 turns).

MajorAdolf the Chopper (Naga Wanderer)              Turns: 4250, Time: 00:09:21

Health: 0/57       AC:  6    Str: 16    XL:     7   Next: 30%
Magic:  10/10      EV:  3    Int: 11    God:
Gold:   247        SH:  0    Dex: 12    Spells: 10/10 levels left

rFire    . . .     SeeInvis +   o - +4 dagger (elec)
rCold    + . .     Gourm    .   h - +0 large shield
rNeg     . . .     Faith    .   s - +0 scale mail
rPois    +         Spirit   .   (no helmet)
rElec    .         Reflect  .   (no cloak)
rCorr    .         Harm     .   (no gloves)
MR       .....                  (no barding)
Stlth    ..........             (no amulet)
HPRegen  0.19/turn              m - ring of protection from cold
MPRegen  0.12/turn              (no ring)

@: confused, starving, very slow
A: large, see invisible, deformed body, poison resistance, slowness 2, slow
metabolism 1, spit poison 1, AC +2
a: Spit Poison


You were on level 5 of the Dungeon.
You were starving.

You visited 1 branch of the dungeon, and saw 5 of its levels.

You collected 247 gold pieces.

Inventory:

Hand Weapons
 a - a +2 hand axe
 k - a +0 hunting sling
 o - a +4 dagger of electrocution (weapon)
Missiles
 e - 225 stones (quivered)
Armour
 h - a +0 large shield (worn)
 s - a +0 scale mail (worn)
Jewellery
 m - a ring of protection from cold (left hand)
Wands
 c - a wand of random effects (15)
 q - a wand of paralysis (2)
Scrolls
 b - 2 scrolls of teleportation
 i - 2 scrolls of remove curse
 j - 3 scrolls of identify {unknown}
 n - a scroll of magic mapping {unknown}
 p - a scroll of enchant weapon {unknown}
 w - a scroll of blinking {unknown}
Potions
 d - a potion of flight {unknown}
 g - a potion of might {unknown}
 l - a potion of curing {unknown}
 r - a potion of invisibility {unknown}
 t - a potion of ambrosia
 v - 2 potions of degeneration {unknown}
Comestibles
 f - 6 rations


   Skills:
 - Level 1.0 Fighting
 - Level 4.5 Axes
 + Level 3.5 Armour
 + Level 0.7 Dodging
 - Level 1.5 Stealth
 + Level 3.8 Shields
 - Level 2.0 Spellcasting
   Level 1.0 Necromancy
 + Level 1.5 Evocations


You had 10 spell levels left.
You didn't know any spells.
Your spell library was empty.

Dungeon Overview and Level Annotations

Branches:
Dungeon (5/15)
 Temple: D:4-7

Altars:
Elyvilon
Sif Muna

Annotations:
D:4 Sigmund


Innate Abilities, Weirdness & Mutations

You cannot wear boots.
Your serpentine skin is tough. (AC +2)
You have supernaturally acute eyesight. (SInv)
Armour fits poorly on your strangely shaped body.
Your system is resistant to poisons. (rPois)
You cover ground very slowly.
You have a slow metabolism.
You can spit poison.


Message History

You block the centaur's attack. The worker ant completely misses you.
The centaur hits you.
You closely miss the worker ant.
The worker ant is heavily wounded.
The worker ant bites you.
* * * LOW HITPOINT WARNING * * *
The centaur hits you.
* * * LOW HITPOINT WARNING * * *
You hit the worker ant.
The worker ant is severely wounded.
You block the centaur's attack. You block the worker ant's attack.
The centaur hits you.
* * * LOW HITPOINT WARNING * * *
The worker ant bites you.
* * * LOW HITPOINT WARNING * * *
Okay, then.
It was a potion of ambrosia.
You are confused.
You feel invigorated. The centaur hits you!
You die...

..# #...###.## ######
#..# ....# .... ##.#
....### .....####.##
....... .......†...#
....... ...........#
....... ...........##
.......
....######..##.......
... '.......a@c.%....
.. #######..........
. .............
.....#...#+###+
......'....
......#...#.
.....>##..#.# .....
#..# #


You could see a centaur and a worker ant.

Vanquished Creatures
  A water moccasin (D:5)
  A phantom (D:5)
  An ice beast (D:5)
  A necrophage (D:5)
  A howler monkey (D:5)
  An orc wizard (D:3)
  Ijyb (D:3)
  A worker ant (D:5)
  An adder (D:2)
  2 dart slugs
  2 worms (D:2)
  A leopard gecko (D:3)
  5 orcs (D:3)
  3 giant cockroaches
  10 goblins
  10 hobgoblins
  5 kobolds
  4 ball pythons
  6 bats
  5 frilled lizards
  2 rats (D:2)
64 creatures vanquished.

Notes
Turn   | Place    | Note
-------+----------+-------------------------------------------
     0 | D:1      | MajorAdolf the Naga Wanderer began the quest for the Orb.
     0 | D:1      | MajorAdolf set off with the following items: a +2 hand axe,
                  | a scroll of teleportation, a wand of random effects (15), a
                  | +0 robe, a ration
     0 | D:1      | Reached XP level 1. HP: 18/18 MP: 3/3
   172 | D:2      | Reached XP level 2. HP: 21/25 MP: 5/5
   494 | D:1      | Reached skill level 4 in Axes
   745 | D:1      | Reached XP level 3. HP: 27/31 MP: 6/6
  2117 | D:2      | Found a shimmering blue altar of Sif Muna.
  2161 | D:2      | Reached XP level 4. HP: 38/38 MP: 7/7
  2282 | D:2      | Reached skill level 1 in Shields
  2714 | D:3      | Noticed Ijyb
  2724 | D:3      | Killed Ijyb
  3049 | D:3      | Reached XP level 5. HP: 35/44 MP: 8/8
  3780 | D:4      | Noticed Sigmund
  3837 | D:5      | Entered Level 5 of the Dungeon
  3838 | D:5      | Noticed a phantom
  3849 | D:5      | Killed a phantom
  3849 | D:5      | Reached XP level 6. HP: 48/51 MP: 9/9
  3881 | D:5      | Noticed a water moccasin
  3889 | D:5      | Killed a water moccasin
  3987 | D:5      | Noticed an ice beast
  3999 | D:5      | Killed an ice beast
  3999 | D:5      | Reached XP level 7. HP: 39/57 MP: 10/10
  4177 | D:5      | Found a white marble altar of Elyvilon.
  4250 | D:5      | Slain by a centaur

Levels and vault maps discovered:
D:1:      dpeg_arrival_shelter, layout_rooms
D:2:      layout_loops_corners, lemuel_doored_altar, first_ration,
          uniq_crazy_yiuf_cottage
D:3:      layout_basic, uniq_ijyb
D:4:      layout_rooms, grunt_temple_overflow_lords_of_destruction,
          kennysheep_mini, minmay_temple_entry_large_hall, uniq_sigmund,
          uniq_pikel, uniq_blork_the_orc, uniq_menkaure
D:5:      layout_basic, lemuel_round_altar, dancing_weapons_uskayaw

Skill      XL: |  1  2  3  4  5  6 |
---------------+-------------------+-----
Axes           | 4 |  4.5
Shields        | 2 3 |  3.8
Armour         | 2 3 |  3.5
Fighting       | |  1.0
Dodging        | |  0.7
Stealth        | |  1.5
Spellcasting   | |  2.0
Necromancy     | |  1.0
Evocations     | |  1.5

Action                   |  1- 3 |  4- 6 |  7- 9 || total
-------------------------+-------+-------+-------++-------
Melee: Hand axe          |    60 |       |       ||    60
       Dagger            |    20 |    94 |    24 ||   138
 Fire: Hunting sling     |     2 |       |       ||     2
 Abil: Spit Poison       |    15 |     1 |       ||    16
  Use: Scroll            |       |       |     1 ||     1
       Potion            |       |       |     1 ||     1
 Stab: Sleeping          |     2 |       |       ||     2
  Eat: Chunk             |     3 |     4 |       ||     7
Armor: Robe              |    25 |     1 |       ||    26
       Scale mail        |       |    23 |    10 ||    33
Dodge: Dodged            |    37 |     7 |     4 ||    48
Block: Large shield      |     4 |    46 |    32 ||    82
